 Dungeon Crawl Stone Soup version 0.32-a0-128-g77eb882913 (webtiles) character file.

Game seed: 3416296753035618817

6667 pokeman the Eclecticist (level 10, -17/58 HPs)
             Began as a Deep Elf Hedge Wizard on Feb 7, 2024.
             Was a Follower of Vehumet.
             Killed from afar by a will-o-the-wisp (37 damage)
             ... with a foxfire
             ... on level 2 of the Abyss.
             The game lasted 00:29:52 (11226 turns).

pokeman the Eclecticist (Deep Elf Hedge Wizard)    Turns: 11226, Time: 00:29:52

Health: -17/58     AC:  4    Str:  7    XL:     10   Next: 73%
Magic:  36/40      EV: 13    Int: 20    God:    Vehumet [*.....]
Gold:   1673       SH:  0    Dex: 14    Spells: 25/39 levels left

rFire   . . .        c - +1 dagger (venom)
rCold   . . .        (no shield)
rNeg    + . .        b - +0 robe
rPois   .            r - +0 helmet
rElec   .            (no cloak)
rCorr   .            y - +0 pair of gloves
SInv    .            (no boots)
Will    +....        (no amulet)
Stlth   ++           s - ring of positive energy
HPRegen 0.29/turn    M - ring of magical power
MPRegen 0.27/turn

%: no passive effects
@: about to teleport
A: [dopey 2], [screaming 2], ([teleportitis 2]), [inability to read after injury
2]
a: Renounce Religion


You were on level 2 of the Abyss.
You worshipped Vehumet.
Vehumet was aware of your devotion.
You visited 2 branches of the dungeon, and saw 11 of its levels.
You visited the Abyss 1 time.

You collected 1673 gold pieces.

Inventory:

Hand Weapons
 c - a +1 dagger of venom (weapon)
 C - a +1 long sword of electrocution
 L - the +11 sling of Tumult {flame, rElec rC+}
   (You found it on level 8 of the Dungeon)

   rC+:       It protects you from cold.
   rElec:     It insulates you from electricity.
 Q - a +2 dagger of pain
Missiles
 x - 2 throwing nets
 R - a curare-tipped dart
Armour
 b - a +0 robe (worn)
 r - a +0 helmet (worn)
 y - a +0 pair of gloves (worn)
 G - +0 steam dragon scales
 J - a +0 kite shield
 P - a +0 ring mail of poison resistance
Magical Staves
 z - a staff of alchemy
Jewellery
 g - a ring of ice
 s - a ring of positive energy (left hand)
 v - a +6 ring of strength
 K - a ring of fire
 M - a ring of magical power (right hand)
Wands
 h - a wand of mindburst (7)
 t - a wand of flame (52)
 I - a wand of iceblast (10)
Scrolls
 f - a scroll of noise
 k - 3 scrolls of immolation
 m - a scroll of revelation
 n - 2 scrolls of fog
 o - a scroll of poison
 p - 4 scrolls of blinking
 u - a scroll of amnesia
 w - 4 scrolls of fear
 D - 2 scrolls of teleportation
 E - a scroll of enchant armour {unknown}
 F - a scroll of butterflies {unknown}
 H - a scroll of vulnerability {unknown}
 N - a scroll of torment {unknown}
Potions
 a - a potion of attraction {unknown}
 d - 3 potions of magic
 e - a potion of cancellation {unknown}
 l - 5 potions of curing
 q - a potion of resistance {unknown}
 A - 2 potions of haste {unknown}
 B - a potion of lignification {unknown}
 O - a potion of mutation {unknown}


   Skills:
 + Level 4.9 Fighting
 - Level 4.0 Armour
 - Level 3.0 Dodging
 - Level 3.0 Stealth
 * Level 15.0 Spellcasting
 + Level 8.8 Conjurations
 - Level 1.1 Summonings
 - Level 1.0 Necromancy
 - Level 1.1 Translocations
 + Level 2.3 Fire Magic
 + Level 1.4 Ice Magic
 - Level 1.1 Air Magic
 - Level 1.0 Alchemy
 - Level 1.3 Evocations


You had 25 spell levels left.
You knew the following spells:

 Your Spells              Type           Power      Damage    Failure   Level
a - Magic Dart            Conj           100%       1d8       1%          1
b - Mephitic Cloud        Conj/Alch/Air  29%        N/A       2%          3
c - Call Imp              Summ           38%        N/A       4%          2
d - Blink                 Tloc           38%        N/A       4%          2
e - Foxfire               Conj/Fire      100%       2x1d9     1%          1
f - Freezing Cloud        Conj/Ice/Air   15%        6-21      24%         5

Your spell library contained the following spells:

 Spells                   Type           Power      Damage    Failure   Level
 Sting                    Conj/Alch      100%       1d9       1%          1
 Momentum Strike          Conj/Tloc      68%        3d9       1%          2
 Hailstorm                Conj/Ice       35%        3d8       1%          3
 Apportation              Tloc           38%        N/A       2%          1
 Necrotise                Necr           76%        1d7       2%          1
 Summon Small Mammal      Summ           76%        N/A       2%          1
 Slow                     Hex            60%        N/A       4%          1
 Cigotuvi's Dreadful Rot  Necr/Alch/Air  38%        N/A       4%          2
 Ensorcelled Hibernation  Hex/Ice        34%        N/A       4%          2
 Lesser Beckoning         Tloc           38%        N/A       4%          2
 Mercury Vapours          Alch/Air       38%        N/A       4%          2
 Iskenderun's Mystic Bla  Conj/Tloc      34%        2d8       5%          4
 Volatile Blastmotes      Fire/Tloc      42%        2d13      6%          3
 Swiftness                Air            19%        N/A       8%          3
 Fugue of the Fallen      Necr           19%        N/A       9%          3
 Passwall                 Erth           15%        N/A       12%         3
 Olgreb's Toxic Radiance  Alch           19%        N/A       26%         4
 Vhi's Electric Charge    Tloc/Air       38%        N/A       26%         4
 Anguish                  Hex/Necr       8%         N/A       32%         4
 Dimensional Bullseye     Hex/Tloc       8%         N/A       32%         4
 Summon Forest            Summ/Tloc      9%         N/A       58%         5
 Summon Mana Viper        Hex/Summ       17%        N/A       67%         5
 Summon Cactus Giant      Summ           9%         N/A       99%         6
 Malign Gateway           Summ/Tloc      9%         N/A       100%        7
 Summon Horrible Things   Summ           9%         N/A       100%        8


Dungeon Overview and Level Annotations

Branches:
Dungeon (10/15)            Temple (1/1) D:7
   Lair: D:8-11         Orc: D:9-12

Altars:
Ashenzari
Cheibriados
Dithmenos
Elyvilon
Fedhas
Gozag
Hepliaklqana
Kikubaaqudgha
Makhleb
Nemelex Xobeh
Okawaru
Qazlal
Ru
Sif Muna
Trog
Uskayaw
Vehumet
Wu Jian
Xom
Zin
The Shining One

Shops:
D:2 ([:   D:4 (

Annotations:
D:10 Erolcha


Innate Abilities, Weirdness & Mutations

[You are very dopey. (Int -4)]
[You frequently scream uncontrollably at your foes.]
[((You are often teleported next to monsters.))]
[You sometimes lose the ability to read scrolls when taking damage.]


Message History

Casting: Foxfire (safe; 1% risk of failure)
Confirm with . or Enter, or press ? or * to list all spells.
You conjure some foxfire!
The foxfire hits the lurking horror.
Your body is wracked with pain!
* * * LOW HITPOINT WARNING * * *
Unknown command.
Your foxfire dissipates!
You open the door.
There is an open door here.
You close the door.
You start resting.
A soul eater comes into view.
You open the door.
A large abomination comes into view.
A will-o-the-wisp comes into view.
There is an open door here.
A wretched star comes into view.
You close the door.
The wretched star pulses with an eldritch light!
You feel weirdly uncertain.
You feel even more weirdly uncertain.
As you read the scroll of teleportation, it crumbles to dust.
You feel strangely unstable.
You feel the power of the Abyss delaying your translocation!
The wretched star pulses with an eldritch light!
You feel stupid. x2
Unknown command.
The wretched star pulses with an eldritch light!
You occasionally lose the ability to read scrolls when taking damage.
You lose the ability to read scrolls when taking damage more often.
A soul eater opens the door.
The will-o-the-wisp gives a chilling moan.
The wretched star pulses with an eldritch light!
You feel the urge to shout.
You feel a strong urge to scream.
The will-o-the-wisp blinks!
The will-o-the-wisp gestures.
The will-o-the-wisp conjures some marshlight! 2 foxfires come into view.
The foxfire hits you!!!
Ouch! That really hurt!
You die...

###.... .......
#.....#####
#........ #.......#
#.......# #.......#
#...@..# #...v..#
#. .#....v.# ...
#.#....#§#### #..##
.#.....§...# #. .
#.#...*v§...#
#....# #.3..§...#..
#......#........>##
#..## ..#........#.


You could see a wretched star, a soul eater and a will-o-the-wisp.

Vanquished Creatures
  A great orb of eyes (Abyss:2)
  Joseph (D:7)
  Maggie (D:8)
  A hornet (D:8)
  2 wraiths
  9 yaks (D:9)
  A vampire mosquito (D:9)
  A chaos spawn (Abyss:2)
  Edmund (D:5)
  A water moccasin (D:9)
  2 acid dragons (D:9)
  3 ice beasts
  2 orc warriors
  A sky beast (D:6)
  A black bear (D:6)
  2 centaurs
  An ogre (D:5)
  2 phantoms (D:5)
  A kobold brigand (D:9)
  A bullfrog (D:9)
  3 scorpions
  6 wights
  5 killer bees (D:9)
  3 howler monkeys (D:9)
  2 jellies
  A quasit (D:5)
  3 orc priests
  A bombardier beetle (D:3)
  2 hounds
  A sleepcap (D:6)
  2 gnoll boudas
  Terence (D:2)
  Natasha (thrice) (D:3)
  2 iguanas
  5 orc wizards
  Robin (D:3)
  12 gnolls
  5 adders
  3 shadow imps
  3 white imps
  An ufetubus (D:5)
  4 dart slugs
  2 ribbon worms
  16 orcs
  7 ball pythons
  10 endoplasms
  3 giant cockroaches
  14 goblins
  6 hobgoblins
  5 jackals
  5 kobolds
  5 quokkas
  6 bats
  3 frilled lizards
  6 rats
  A lurking horror (Abyss:2)
193 creatures vanquished.

Vanquished Creatures (collateral kills)
  A gnoll (D:6)
  An orc (D:6)
2 creatures vanquished.

Vanquished Creatures (others)
  A human (D:3)
  Ijyb (D:5)
  A goblin (D:3)
  A rat (D:3)
  89 foxfires
93 creatures vanquished.

Grand Total: 288 creatures vanquished

Notes
Turn   | Place    | Note
-------+----------+-------------------------------------------
     0 | D:1      | pokeman the Deep Elf Hedge Wizard began the quest for the
                  | Orb.
     0 | D:1      | Reached XP level 1. HP: 10/10 MP: 7/7
   270 | D:1      | Reached XP level 2. HP: 16/16 MP: 7/9
   698 | D:1      | Found a faded altar of an unknown god.
   736 | D:1      | Reached skill level 5 in Spellcasting
   868 | D:1      | Reached XP level 3. HP: 20/20 MP: 4/11
   872 | D:1      | Learned a level 3 spell: Mephitic Cloud
   875 | D:1      | Learned a level 2 spell: Call Imp
   878 | D:1      | Learned a level 2 spell: Blink
  1614 | D:2      | Reached skill level 1 in Armour
  1675 | D:2      | Found Apysh's Antique Weapon Emporium.
  1836 | D:2      | Found Uveyd's Antique Armour Shoppe.
  1858 | D:2      | Found a bloodstained altar of Trog.
  2060 | D:2      | Reached skill level 1 in Fighting
  2174 | D:2      | Noticed Terence
  2239 | D:2      | Killed Terence
  2240 | D:2      | Reached XP level 4. HP: 18/25 MP: 1/13
  2341 | D:2      | Found Miqisopp's Book Boutique.
  3133 | D:3      | Reached skill level 6 in Spellcasting
  3175 | D:3      | Found a shimmering altar of Xom.
  3291 | D:3      | Found an ancient bone altar of Kikubaaqudgha.
  3292 | D:3      | Noticed a human
  3294 | D:3      | Killed a human
  3354 | D:3      | You fall into a shaft and drop 1 floor!
  3368 | D:4      | Reached XP level 5. HP: 29/29 MP: 10/15
  3396 | D:4      | Reached skill level 1 in Air Magic
  3396 | D:4      | Reached skill level 1 in Alchemy
  3477 | D:4      | Found a bloodstained altar of Trog.
  3603 | D:4      | Reached XP level 6. HP: 34/34 MP: 2/17
  3633 | D:4      | Reached skill level 7 in Spellcasting
  3805 | D:3      | Noticed Robin
  3814 | D:3      | Killed Robin
  3906 | D:3      | Noticed Natasha
  3913 | D:3      | Killed Natasha
  4179 | D:3      | Noticed Natasha
  4188 | D:3      | Killed Natasha
  4344 | D:3      | Noticed Natasha
  4355 | D:3      | Killed Natasha
  4445 | D:4      | Found Duitinem's Antique Weapon Shop.
  4454 | D:4      | Reached XP level 7. HP: 34/40 MP: 13/20
  4459 | D:4      | Reached skill level 8 in Spellcasting
  4793 | D:4      | Found a glowing silver altar of Zin.
  4793 | D:4      | Found an opulent altar of Gozag.
  5138 | D:5      | Entered Level 5 of the Dungeon
  5412 | D:5      | Noticed Ijyb
  5431 | D:5      | HP: 2/40 [Ijyb/puff of flame (8)]
  5580 | D:5      | Found an ornate altar of the Wu Jian Council.
  5643 | D:5      | Reached skill level 9 in Spellcasting
  5860 | D:5      | Found a burning altar of Makhleb.
  5870 | D:5      | Found a sacrificial altar of Ru.
  5909 | D:5      | Killed Ijyb
  6010 | D:5      | Noticed Edmund
  6025 | D:5      | Killed Edmund
  6026 | D:5      | Reached skill level 5 in Conjurations
  6026 | D:5      | Reached skill level 1 in Evocations
  6026 | D:5      | Reached XP level 8. HP: 40/44 MP: 16/23
  6363 | D:6      | Reached skill level 10 in Spellcasting
  6580 | D:6      | HP: 2/44 [poisoned by an orc wizard]
  6977 | D:6      | Reached skill level 11 in Spellcasting
  7311 | D:6      | Reached XP level 9. HP: 19/48 MP: 24/26
  7485 | D:6      | Found a white marble altar of Elyvilon.
  8139 | D:7      | Noticed Joseph
  8166 | D:7      | Killed Joseph
  8167 | D:7      | Reached skill level 12 in Spellcasting
  8552 | D:7      | Found a staircase to the Ecumenical Temple.
  8560 | Temple   | Entered the Ecumenical Temple
  8580 | Temple   | Became a worshipper of Vehumet
  8753 | D:8      | Noticed Maggie
  8928 | D:8      | Killed Maggie
  9130 | D:8      | Reached skill level 13 in Spellcasting
  9311 | D:8      | Identified the +11 sling of Tumult {flame, rElec rC+}
 10184 | D:9      | Reached XP level 10. HP: 56/56 MP: 29/29
 10353 | D:9      | Reached * piety under Vehumet
 10353 | D:9      | Offered knowledge of Foxfire by Vehumet.
 10354 | D:9      | Reached skill level 14 in Spellcasting
 10379 | D:9      | Learned a level 1 spell: Foxfire
 10784 | D:9      | Reached skill level 1 in Necromancy
 10784 | D:9      | Reached skill level 1 in Fire Magic
 11085 | D:10     | Entered Level 10 of the Dungeon
 11110 | D:10     | Noticed Erolcha
 11111 | Abyss:2  | Cast into level 2 of the Abyss (Erolcha)
 11118 | Abyss:2  | Found a corrupted altar of Lugonu.
 11122 | Abyss:2  | Identified 2 scrolls of acquirement
 11131 | Abyss:2  | Acquired 1081 gold pieces
 11133 | Abyss:2  | Acquired the Codex of the Frigid Voyage
 11141 | Abyss:2  | Learned a level 5 spell: Freezing Cloud
 11160 | Abyss:2  | Noticed a starcursed mass
 11176 | Abyss:2  | Noticed a great orb of eyes
 11200 | Abyss:2  | Killed a great orb of eyes
 11201 | Abyss:2  | Reached skill level 15 in Spellcasting
 11201 | Abyss:2  | Reached skill level 1 in Ice Magic
 11212 | Abyss:2  | Noticed a soul eater
 11213 | Abyss:2  | Noticed a large abomination
 11214 | Abyss:2  | Noticed a will-o-the-wisp
 11215 | Abyss:2  | Noticed a wretched star
 11226 | Abyss:2  | Killed from afar by a will-o-the-wisp

Illustrated notes

Levels and vault maps discovered:
D:1:      minmay_arrival_glassed_features, layout_basic, basic_ecumenical_altar
D:2:      layout_basic, basic_altar, serial_shops, shop, shop, shop,
          uniq_terence
D:3:      layout_basic, tgw_kikubaaqudgha, xom_confusion_cloud, uniq_natasha,
          uniq_robin
D:4:      layout_basic, grunt_temple_overflow_gold_and_silver,
          trog_three_pillars_becter, nicolae_inconvenience_store
D:5:      cheibrodos_helix_gallery, layout_basic,
          nicolae_overflow_crystal_walls, mainiacjoe_overflow_catwalk_spiral,
          serial_demonic, serial_demonic_e, serial_demonic_d, serial_demonic_c,
          serial_demonic_a, uniq_edmund, uniq_ijyb
D:6:      layout_loops_cross, general_overflow_altar
D:7:      layout_rooms, minmay_temple_entry_junction, reono_crystal_passage,
          uniq_joseph
D:8:      layout_basic, uniq_maggie
D:9:      cheibrodos_barr_body, layout_irregular_city
D:10:     layout_loops_ring, dk_yredelemnul_ordeal, david_orc_1_choice,
          uniq_erolcha
Temple:   minmay_temple_bridge_abc
Abyss:2:  base: D:9, hangedman_abyss_or_decor_slice

Skill      XL: |  1  2  3  4  5  6  7  8  9 10 |
---------------+-------------------------------+-----
Spellcasting   | 5 6 7 9 11 13 15 | 15.0
Armour         | 1 2 3 4 |  4.0
Conjurations   | 2 3 5 6 7 8 |  8.8
Fighting       | 1 2 3 4 |  4.9
Stealth        | 3 |  3.0
Dodging        | 3 |  3.0
Air Magic      | 1 |  1.1
Alchemy        | 1 |  1.0
Evocations     | 1 |  1.3
Necromancy     | 1 |  1.0
Fire Magic     | 2 |  2.3
Ice Magic      | 1 |  1.4
Summonings     | |  1.1
Translocations | |  1.1

Action                     |  1- 3 |  4- 6 |  7- 9 | 10-12 || total
---------------------------+-------+-------+-------+-------++-------
  Melee: Dagger            |    17 |     4 |    89 |     8 ||   118
         Mace              |       |    35 |       |       ||    35
         Punch             |       |     2 |    11 |       ||    13
         Long sword        |       |       |    61 |       ||    61
   Fire: Sling             |       |       |    42 |    51 ||    93
   Cast: Magic Dart        |   100 |   105 |   177 |     1 ||   383
         Mephitic Cloud    |     3 |    15 |    37 |     7 ||    62
         Call Imp          |     3 |       |    12 |       ||    15
         Blink             |       |       |     8 |       ||     8
         Foxfire           |       |       |       |    47 ||    47
    Use: Potion            |       |       |     2 |       ||     2
         Scroll            |       |       |       |    13 ||    13
   Stab: Confused          |     2 |     4 |    18 |     1 ||    25
         Distracted        |       |       |     2 |       ||     2
         Sleeping          |       |       |     1 |       ||     1
 Armour: Robe              |    11 |    15 |   125 |    16 ||   167
  Dodge: Dodged            |     8 |    26 |   127 |    18 ||   179

Table legend: (Time is in decaauts)
 A = Elapsed time spent in this place.
 B = Non-inter-level travel time spent in this place.
 C = Inter-level travel time spent in this place.
 D = Time resting spent in this place.
 E = Time spent auto-exploring this place.
 F = Levels seen in this place.
 G = Mean time per level.
                   A        B        C        D        E       F      G
               +--------+--------+--------+--------+--------+-----+--------+
         Total |  11303 |  11023 |    280 |    545 |   8364 |  12 |  941.9 |
       Dungeon |  11148 |  10906 |    242 |    542 |   8364 |  10 | 1114.8 |
        Temple |     40 |      2 |     38 |      0 |      0 |   1 |   40.0 |
         Abyss |    114 |    114 |      0 |      3 |      0 |   1 |  114.0 |
               +--------+--------+--------+--------+--------+-----+--------+

Top non-repeatable levels by time:
     D:6: 1548 daAuts
     D:5: 1448 daAuts
     D:1: 1405 daAuts
     D:2: 1343 daAuts
     D:9: 1242 daAuts
     D:3: 1231 daAuts
     D:4: 1168 daAuts
     D:8: 1011 daAuts
     D:7: 724 daAuts
 Abyss:2: 114 daAuts
  Temple: 40 daAuts
    D:10: 25 daAuts
